 Dungeon Crawl Stone Soup version 0.30-a0-743-gbfdf073 (webtiles) character file.

Game seed: 16552457848355775621

57593 Oxar the Basher (level 14, -21/127 HPs)
             Began as a Hill Orc Fighter on Feb 6, 2023.
             Was a Priest of Makhleb.
             Killed from afar by an ice dragon (35 damage)
             ... with a blast of cold
             ... on level 13 of the Dungeon on Feb 8, 2023.
             The game lasted 06:00:38 (23686 turns).

Oxar the Basher (Hill Orc Fighter)                 Turns: 23686, Time: 06:00:39

Health: -21/127    AC: 19    Str: 30    XL:     14   Next: 86%
Magic:  18/18      EV: 11    Int:  8    God:    Makhleb [***...]
Gold:   415        SH:  5    Dex: 13    Spells: 13/13 levels left

rFire   + . .      SeeInvis .    G - +2 great mace (flame)
rCold   . . .      Faith    .    (shield currently unavailable)
rNeg    . . .      Spirit   .    a - +1 chain mail {rF+}
rPois   .          Reflect  +    (no helmet)
rElec   .          Harm     .    (no cloak)
rCorr   .          Rampage  .    z - +1 pair of gloves {Dex+3}
Will    +....                    c - +2 pair of boots Stlth
                                 h - amulet of reflection
HPRegen 0.41/turn                F - +6 ring of strength
MPRegen 0.16/turn                y - +4 ring of slaying

@: about to teleport
A: no striking features
a: Renounce Religion, Minor Destruction, Lesser Servant of Makhleb


You were on level 13 of the Dungeon.
You worshipped Makhleb.
Makhleb was most pleased with you.
You visited 6 branches of the dungeon, and saw 25 of its levels.
You also visited: Volcano.

You collected 2271 gold pieces.
You spent 1856 gold pieces at shops.

Inventory:

Hand Weapons
 f - a +3 flail of draining
 i - the +0 morningstar of Evisceration {freeze, *Corrode rPois rC+ Str+6}
   (You bought it in a shop on level 2 of the Orcish Mines)

   Str:       It affects your strength (+6).
   rC:        It protects you from cold.
   rPois:     It protects you from poison.
   *Corrode:  It may corrode you when you take damage.
 p - a +0 hand axe of venom
 G - a +2 great mace of flaming (weapon)
 J - a +5 trident of freezing
 M - a +3 war axe
Missiles
 o - 93 stones
 t - 42 poisoned darts
Armour
 a - a +1 chain mail of fire resistance (worn)
 c - a +2 pair of boots (worn)
 e - a +3 leather armour of willpower
 v - a +2 scale mail of willpower
 z - a +1 pair of gloves of dexterity (worn)
 K - +0 acid dragon scales
Jewellery
 h - an amulet of reflection (around neck)
 l - an amulet of guardian spirit
 y - a +4 ring of slaying (right hand)
 F - a +6 ring of strength (left hand)
 P - a ring of ice
Wands
 A - a wand of polymorph (11)
 C - a wand of flame (21)
 H - a wand of mindburst (2)
 L - a wand of roots (18)
 S - a wand of paralysis (1)
 Z - a wand of digging (6)
Scrolls
 b - 8 scrolls of identify
 j - 2 scrolls of magic mapping
 k - 3 scrolls of fog
 m - 8 scrolls of teleportation
 r - 2 scrolls of vulnerability
 w - a scroll of acquirement
 D - a scroll of blinking
 E - 4 scrolls of amnesia
 I - a scroll of enchant armour
 N - 4 scrolls of poison
 T - 2 scrolls of enchant weapon
 W - a scroll of noise
 X - a scroll of torment
Potions
 d - 2 potions of might
 g - a potion of haste
 n - a potion of resistance
 q - 8 potions of mutation
 s - 2 potions of ambrosia
 u - 2 potions of degeneration
 x - 3 potions of cancellation
 B - 5 potions of brilliance
 Q - 2 potions of flight
 R - 3 potions of lignification
 V - 4 potions of heal wounds
 Y - a potion of attraction
Miscellaneous
 U - a lightning rod (4/4)


   Skills:
 * Level 12.8 Fighting
 - Level 9.7(15.3) Axes
 * Level 13.6(14.5) Maces & Flails
 + Level 8.7(10.1) Polearms
 + Level 5.4 Throwing
 * Level 13.0 Armour
 + Level 4.7 Dodging
 - Level 2.1 Stealth
 + Level 9.5 Shields
 - Level 5.9 Invocations
 - Level 1.9 Evocations


You had 13 spell levels left.
You didn't know any spells.
Your spell library contained the following spells:

 Spells                   Type           Power      Damage    Failure   Level
 Apportation              Tloc           0%         N/A       83%         1
 Foxfire                  Conj/Fire      0%         2x1d4     83%         1
 Necrotise                Necr           0%         1d4       83%         1
 Summon Small Mammal      Summ           0%         N/A       83%         1
 Blink                    Tloc           0%         N/A       92%         2
 Cigotuvi's Dreadful Rot  Necr/Pois/Air  0%         N/A       92%         2
 Lesser Beckoning         Tloc           0%         N/A       92%         2
 Momentum Strike          Conj/Tloc      0%         3d8       92%         2
 Poisonous Vapours        Pois/Air       0%         N/A       92%         2
 Scorch                   Fire           0%         2d5       92%         2
 Static Discharge         Conj/Air       0%         2-2/arc   92%         2
 Hailstorm                Conj/Ice       0%         3d3       99%         3
 Ignite Poison            Fire/Tmut/Pois 0%         N/A       99%         3
 Mephitic Cloud           Conj/Pois/Air  0%         N/A       99%         3
 Vampiric Draining        Necr           0%         2d6       99%         3
 Vhi's Electric Charge    Tloc/Air       0%         N/A       99%         3
 Animate Armour           Summ/Erth      0%         N/A       100%        4
 Animate Dead             Necr           0%         N/A       100%        4
 Ice Form                 Ice/Tmut       0%         N/A       100%        4
 Sticky Flame             Conj/Fire      0%         2d3       100%        4
 Summon Lightning Spire   Summ/Air       0%         N/A       100%        4
 Agony                    Necr           0%         N/A       100%        5
 Arcjolt                  Conj/Air       0%         1d10      100%        5
 Blade Hands              Tmut           0%         N/A       100%        5
 Lightning Bolt           Conj/Air       0%         1d11      100%        5
 Yara's Violent Unravell  Hex/Tmut       0%         3d3       100%        5
 Eringya's Noxious Bog    Tmut/Pois      0%         N/A       100%        6
 Iron Shot                Conj/Erth      0%         9d1       100%        6
 Simulacrum               Ice/Necr       0%         N/A       100%        6
 Starburst                Conj/Fire      0%         6d3       100%        6
 Enfeeble                 Hex            0%         N/A       100%        7
 Haunt                    Necr/Summ      0%         N/A       100%        7
 Storm Form               Tmut/Air       0%         N/A       100%        7
 Ignition                 Fire           0%         3d3       100%        8
 Infestation              Necr           0%         N/A       100%        8
 Maxwell's Capacitive Co  Air            0%         ∞         100%        8


Dungeon Overview and Level Annotations

Branches:
Dungeon (15/15)            Temple (1/1) D:5            Lair (5/5) D:8
 Shoals (1/4) Lair:3       Spider (0/4) Lair:3          Orc (2/2) D:12
    Elf (1/3) Orc:2       Volcano (visited)
  Slime: Lair:4-5    Vaults: D:13-14     Depths: D:15

Altars:
Ashenzari
Cheibriados
Fedhas
Gozag
Hepliaklqana
Kikubaaqudgha
Makhleb
Nemelex Xobeh
Okawaru
Qazlal
Ru
Uskayaw
Vehumet
Wu Jian
Xom
Yredelemnul
Zin
The Shining One
Beogh

Shops:
D:3 (   D:5 [   D:7 =   D:8 [   D:13 *   Orc:2 ??[:(

Annotations:
D:6 2 transporters, steven32's ghost, amateur OgWr
D:8 4 runed translucent doors
Lair:1 exclusion: orange crystal statue
Elf:1 6 runed translucent doors


Message History

A tengu conjurer comes into view.
The tengu conjurer mumbles some strange words.
There is a stone staircase leading up here.
You block the ice dragon's attack. The ice dragon claws you.
The ice dragon closely misses you.
You climb upwards.
The battlesphere dissipates.
Reactivating autopickup.
There is a stone staircase leading down here.
Activating: Lesser Servant of Makhleb (1% risk of hostile)
Press: ? - help, Q - select action, (/) - cycle Dir - look around, f - activate A demon appears!
The ice dragon bites you.
The ice dragon claws you but does no damage.
The ice dragon tramples you but does no damage.
Activating: Lesser Servant of Makhleb (1% risk of hostile)
Press: ? - help, Q - select action, (/) - cycle Dir - look around, f - activate A demon appears!
The ice dragon breathes frost at you. The blast of cold hits you!!!
* * * LOW HITPOINT WARNING * * *
As you read the scroll of teleportation, it crumbles to dust.
You feel strangely unstable.
The ice dragon bites you but does no damage.
The ice dragon claws you!
* * * LOW HITPOINT WARNING * * *
The ice dragon tramples you but does no damage.
Your smoke demon hits the ice dragon.
Your smoke demon hits the ice dragon but does no damage.
Your smoke demon closely misses the ice dragon.
The ice dragon bites your smoke demon!
The ice dragon claws your smoke demon but does no damage.
The ice dragon tramples your smoke demon!
Your smoke demon holds its ground!
Your smoke demon hits the ice dragon but does no damage.
Your smoke demon closely misses the ice dragon.
Your smoke demon hits the ice dragon.
The ice dragon breathes frost at you.
The blast of cold misses your smoke demon.
The blast of cold hits you!!
You die...

.............................###.
........##.###.#####.#.##.#......
[............ ... .....##.#..###.
...#######..... ####...##...#...#
.### ......>. #...##...#...# .#
.....###### #.#.....###..#
.#########.......# #.###..#...#..
.........#...D3..#####....#...#..
.........##...3.@.....#...#...##.
.........##......###.#.###.###..#
.................# #.#..........#
.........###.....# #...###.###..#
.........# #.....# #.##...#...##.
.........# #.....# #.##...#...#..
.........# #.....# #.###..#...#..
.........# #.....# #..##...###..#
.........# ####### ##..)....#...#


You could see an ice dragon (catching breath, ally target), a friendly smoke
demon (summoned) and a friendly ynoxinul (summoned).

Vanquished Creatures
  Fannar (D:10)
  2 hydras
  An ogre mage (Orc:2)
  A two-headed ogre (D:12)
  3 centaur warriors (D:13)
  2 boulder beetles
  3 death yaks (Lair:4)
  An orc high priest (Orc:1)
  A skeletal warrior (D:14)
  A deep elf zephyrmancer (D:14)
  2 orc knights (D:12)
  5 ugly things (D:14)
  3 orc sorcerers (Orc:2)
  2 deep elf pyromancers (D:14)
  A salamander (Volcano)
  A manticore (Lair:3)
  A cyclops (D:14)
  3 black mambas
  2 elephants
  7 cane toads
  A molten gargoyle (Volcano)
  A kobold demonologist (D:8)
  3 komodo dragons
  A komodo dragon (shapeshifter) (D:13)
  4 trolls
  A merfolk (D:10)
  2 polar bears
  16 blink frogs
  2 hornets
  Grinder (D:5)
  8 slime creatures
  A snapping turtle (Lair:3)
  2 culicivoras (Lair:3)
  2 vampires
  35 yaks
  A shadow (D:10)
  2 basilisks (D:8)
  4 wyverns
  8 fire bats (Volcano)
  A steam dragon (D:8)
  Grum (D:8)
  Menkaure (D:5)
  A warg (Orc:1)
  2 acid dragons
  4 water moccasins
  3 hell hounds (Volcano)
  21 orc warriors
  3 sky beasts
  3 black bears
  22 wolves
  3 centaurs
  7 ogres
  3 bullfrogs
  6 kobold brigands
  3 scorpions
  10 wights
  14 killer bees
  A vampire bat (D:4)
  A howler monkey (D:9)
  7 electric eels (D:10)
  7 lava snakes
  A jelly (D:4)
  A gnoll bouda (D:8)
  13 orc priests
  3 hounds
  2 iguanas
  38 orc wizards
  A mummy (D:8)
  15 gnolls
  6 adders
  A white imp (D:6)
  2 ufetubi (D:5)
  2 worms
  A dart slug (D:3)
  87 orcs
  A bat zombie (D:4)
  7 endoplasms
  6 giant cockroaches
  9 goblins
  2 hobgoblins
  12 jackals
  16 kobolds
  5 quokkas
  9 ball pythons
  10 bats
  4 frilled lizards
  A goblin zombie (D:8)
  A hobgoblin zombie (D:8)
  13 rats
531 creatures vanquished.

Vanquished Creatures (collateral kills)
  A centaur warrior (D:13)
  An ogre mage (Orc:2)
  A death yak (Lair:4)
  A hell hog (Volcano)
  2 orc sorcerers (Orc:2)
  2 manticores (D:11)
  A cyclops (D:11)
  3 elephants (Lair:4)
  A cane toad (Lair:1)
  A komodo dragon (Lair:1)
  A kobold demonologist (D:9)
  A hornet (D:11)
  A blink frog (Lair:4)
  Prince Ribbit (D:6)
  2 slime creatures
  A spriggan (Lair:3)
  A culicivora (Lair:3)
  12 yaks
  2 steam dragons (Volcano)
  A water moccasin (Lair:1)
  3 ice beasts
  2 orc warriors
  2 sky beasts
  2 ogres (Orc:2)
  A black bear (D:6)
  6 wolves
  A centaur (D:7)
  4 bullfrogs
  2 gnoll sergeants
  3 wights (D:8)
  8 killer bees
  A howler monkey (D:8)
  An orc priest (D:6)
  A gnoll bouda (D:8)
  11 orc wizards
  4 gnolls
  A white imp (D:7)
  15 orcs
  5 kobolds
  A bush (Lair:4)
111 creatures vanquished.

Vanquished Creatures (others)
  A kobold (D:9)
  8 fungi
  13 plants
22 creatures vanquished.

Grand Total: 664 creatures vanquished

Notes
Turn   | Place    | Note
-------+----------+-------------------------------------------
     0 | D:1      | Oxar the Hill Orc Fighter began the quest for the Orb.
     0 | D:1      | Reached XP level 1. HP: 19/19 MP: 1/1
   170 | D:1      | Reached XP level 2. HP: 27/27 MP: 2/2
   717 | D:2      | Found a faded altar of an unknown god.
   728 | D:2      | Reached XP level 3. HP: 33/33 MP: 3/3
   729 | D:2      | Prayed at the altar of an unknown god.
   729 | D:2      | Became a worshipper of Makhleb the Destroyer
   729 | D:2      | Reached * piety under Makhleb
  1025 | D:2      | Reached skill level 1 in Invocations
  1219 | D:2      | Reached XP level 4. HP: 40/40 MP: 4/4
  2172 | D:3      | Reached XP level 5. HP: 43/46 MP: 6/6
  2276 | D:3      | Found Enla's Weapon Emporium.
  2506 | D:3      | Reached ** piety under Makhleb
  2788 | D:4      | Reached skill level 5 in Axes
  2791 | D:4      | Reached XP level 6. HP: 52/52 MP: 7/7
  3561 | D:4      | Found an ancient bone altar of Kikubaaqudgha.
  3662 | D:5      | Entered Level 5 of the Dungeon
  3683 | D:5      | Found a staircase to the Ecumenical Temple.
  3693 | Temple   | Entered the Ecumenical Temple
  3775 | D:5      | Noticed Menkaure
  3775 | D:5      | Noticed a black bear
  3777 | D:5      | Killed Menkaure
  3778 | D:5      | Reached XP level 7. HP: 58/60 MP: 8/10
  3841 | D:5      | Noticed Grinder
  3856 | D:5      | Killed Grinder
  3857 | D:5      | Reached skill level 5 in Shields
  3857 | D:5      | Reached skill level 5 in Invocations
  3991 | D:5      | Found Niosuamu's Antique Armour Boutique.
  4045 | D:5      | Reached *** piety under Makhleb
  4046 | D:5      | Reached skill level 1 in Throwing
  4571 | D:5      | Reached XP level 8. HP: 65/67 MP: 12/12
  4688 | D:6      | Noticed Prince Ribbit
  4703 | D:6      | Killed Prince Ribbit
  4704 | D:6      | Reached skill level 5 in Fighting
  4704 | D:6      | Reached skill level 1 in Dodging
  4708 | D:6      | Noticed a yak
  4712 | D:6      | Noticed a cyclops
  4712 | D:6      | Noticed steven32's ghost (amateur OgWr)
  4725 | D:6      | Found a transporter.
  4756 | D:6      | Found a transporter.
  4790 | D:6      | Identified the +2 ring mail of Grace {Harm Slay+2}
  4806 | D:6      | Reached skill level 5 in Armour
  5463 | D:6      | Reached XP level 9. HP: 50/75 MP: 13/13
  5857 | D:7      | Found Keih's Jewellery Emporium.
  5898 | D:8      | Noticed a manticore
  5898 | D:8      | Noticed a polar bear
  5898 | D:8      | Noticed a polar bear
  5898 | D:8      | Noticed a polar bear
  5898 | D:8      | Found Muwked's Antique Armour Shoppe.
  5898 | D:8      | Found a huge runed translucent gate.
  5898 | D:8      | Found a huge runed translucent gate.
  5898 | D:8      | Found a huge runed translucent gate.
  5899 | D:8      | Noticed a polar bear
  5900 | D:8      | Bought a runed orb for 240 gold pieces
  5900 | D:8      | Noticed a polar bear
  5901 | D:8      | Noticed a polar bear
  5903 | D:8      | Noticed a death yak
  5920 | D:8      | Found a huge runed translucent gate.
  6173 | D:8      | Noticed Grum
  6183 | D:8      | Reached skill level 1 in Maces & Flails
  6184 | D:8      | Killed Grum
  6184 | D:8      | Reached **** piety under Makhleb
  6185 | D:8      | Reached XP level 10. HP: 53/86 MP: 14/14
  6372 | D:8      | Noticed an elephant
  6375 | D:8      | Found a staircase to the Lair.
  6388 | D:8      | Reached skill level 1 in Evocations
  6390 | D:8      | Killed an elephant
  6391 | D:8      | Reached skill level 1 in Polearms
  6391 | D:8      | Reached skill level 1 in Stealth
  6494 | D:8      | Found a sand-covered staircase.
  8383 | D:9      | Noticed a kobold demonologist
  8549 | D:8      | Killed a kobold demonologist
  8550 | D:8      | Reached XP level 11. HP: 95/95 MP: 15/15
  8774 | D:10     | Entered Level 10 of the Dungeon
  9189 | D:10     | Noticed Fannar
  9213 | D:10     | Killed Fannar
  9399 | D:10     | Reached skill level 5 in Maces & Flails
  9535 | D:10     | Found a sparkling altar of Nemelex Xobeh.
  9547 | D:10     | Found a shimmering altar of Xom.
  9653 | D:10     | Reached skill level 5 in Polearms
 10556 | D:11     | Paralysed by a hornet for 2 turns
 10573 | D:11     | Noticed a manticore
 10588 | D:11     | Killed a manticore
 10793 | D:11     | Noticed a cyclops
 10803 | D:11     | Killed a cyclops
 11107 | D:11     | HP: 5/148 [something (8)]
 11427 | D:11     | Noticed a manticore
 11433 | D:11     | Killed a manticore
 11434 | D:11     | Reached XP level 12. HP: 102/106 MP: 16/16
 11445 | D:11     | Got the Papyrus of Filth and Conflagration
 11691 | D:12     | Noticed a two-headed ogre
 11702 | D:12     | Killed a two-headed ogre
 11708 | D:12     | Reached skill level 10 in Fighting
 12056 | D:12     | Found a staircase to the Orcish Mines.
 12115 | D:12     | Reached skill level 10 in Armour
 12498 | Lair:1   | Entered Level 1 of the Lair of Beasts
 14271 | Lair:2   | Found a dark tunnel.
 14281 | Volcano  | Entered a volcano
 14347 | Volcano  | Reached XP level 13. HP: 111/115 MP: 17/17
 14425 | Volcano  | Found a bloodstained altar of Trog.
 16641 | Lair:3   | Found a hole to the Spider Nest.
 17169 | Lair:3   | Found a staircase to the Shoals.
 17270 | Shoals:1 | Entered Level 1 of the Shoals
 17270 | Shoals:1 | Noticed a merfolk impaler
 17361 | Lair:4   | Identified a scroll of acquirement
 17372 | Lair:5   | Entered Level 5 of the Lair of Beasts
 17490 | Lair:4   | Reached skill level 10 in Maces & Flails
 17728 | Lair:4   | Reached skill level 5 in Throwing
 17732 | Lair:4   | Reached XP level 14. HP: 126/126 MP: 18/18
 17976 | Lair:4   | Identified the +4 quarterstaff of Defilement {antimagic,
                  | Stlth+}
 18709 | D:12     | You fall into a shaft and drop 1 floor!
 18865 | Orc:1    | Entered Level 1 of the Orcish Mines
 20186 | Orc:2    | Entered Level 2 of the Orcish Mines
 20200 | Orc:1    | Found Fof Jips's Mayhem Merchandise.
 21018 | Orc:2    | Found a staircase to the Elven Halls.
 21022 | Orc:2    | Found Inloetoc's Magic Scroll Shop.
 21082 | Elf:1    | Entered Level 1 of the Elven Halls
 21082 | Elf:1    | Noticed a deep elf sorcerer
 21082 | Elf:1    | Noticed a deep elf sorcerer
 21082 | Elf:1    | Found a runed translucent gate.
 21082 | Elf:1    | Found a runed translucent gate.
 21082 | Elf:1    | Found a runed translucent gate.
 21082 | Elf:1    | Found a runed translucent gate.
 21082 | Elf:1    | Found a runed translucent gate.
 21082 | Elf:1    | Found a runed translucent gate.
 21303 | Orc:2    | Found Kichu's Magic Scroll Shoppe.
 21421 | Orc:2    | Found an ancient bone altar of Kikubaaqudgha.
 21442 | Orc:2    | Found Erabafus's Book Emporium.
 21476 | Orc:2    | Paralysed by something for 2 turns
 21583 | Orc:2    | Found a radiant altar of Vehumet.
 21614 | Orc:2    | Found a roughly hewn altar of Beogh.
 21614 | Orc:2    | Found Memaestrikloq's Antique Weapon Shoppe.
 21639 | Orc:2    | Found Izieck's Antique Armour Emporium.
 21678 | Orc:2    | Bought a pair of runed boots for 292 gold pieces
 21980 | Orc:2    | Bought a runed leather armour for 195 gold pieces
 21994 | Orc:2    | Bought a runed flail for 149 gold pieces
 21994 | Orc:2    | Bought an ancient morningstar for 207 gold pieces
 21994 | Orc:2    | Identified the +0 morningstar of Evisceration {freeze,
                  | *Corrode rPois rC+ Str+6} (You bought it in a shop on level
                  | 2 of the Orcish Mines)
 22031 | Orc:2    | Bought a scroll of identify for 32 gold pieces
 22031 | Orc:2    | Bought a scroll of magic mapping for 120 gold pieces
 22031 | Orc:2    | Bought a scroll of teleportation for 48 gold pieces
 22031 | Orc:2    | Bought a scroll of identify for 32 gold pieces
 22031 | Orc:2    | Bought a scroll of teleportation for 48 gold pieces
 22062 | Orc:2    | Bought a scroll of identify for 30 gold pieces
 22062 | Orc:2    | Bought a scroll of enchant armour for 112 gold pieces
 22062 | Orc:2    | Bought a scroll of identify for 30 gold pieces
 22062 | Orc:2    | Bought a scroll of enchant weapon for 112 gold pieces
 22062 | Orc:2    | Bought a scroll of vulnerability for 60 gold pieces
 22143 | Orc:1    | You fall into a shaft and drop 1 floor!
 22248 | D:13     | Found Tozxydua's Changing Room.
 22263 | D:13     | Bought a potion of lignification for 51 gold pieces
 22263 | D:13     | Bought a potion of lignification for 51 gold pieces
 22263 | D:13     | Bought a wand of polymorph (2) for 47 gold pieces
 22290 | D:13     | Identified the +4 dagger of the Shore {flame, Str-5 Dex+4}
 23121 | D:15     | Entered Level 15 of the Dungeon
 23411 | D:14     | Found a sacrificial altar of Ru.
 23686 | D:13     | Killed from afar by an ice dragon

Illustrated notes

Levels and vault maps discovered:
D:1:      onia_arrival_handbag, layout_basic, minmay_misc_feat_diagonals,
          minmay_pentomino_q2
D:2:      cheibrodos_greedy_goblins, layout_basic,
          ebering_ecumenical_altar_sacrificial
D:3:      layout_loops_corners, serial_shops, nicolae_shop_bloodbath_and_beyond
D:4:      layout_basic, lemuel_zombie_altar_kikubaaqudgha, roderic_batcave,
          kennysheep_another_room
D:5:      lemuel_ice_spiral_2, layout_basic, minmay_temple_entry_overgrown,
          serial_shops, nicolae_shop_trees, portal_sewer_entry_e, uniq_grinder,
          uniq_menkaure
D:6:      layout_basic, gammafunk_ghost_arena, uniq_prince_ribbit1
D:7:      layout_cave_pools, serial_shops, nicolae_take_the_stairs
D:8:      lemuel_bear_cage, layout_loops_corners, david_lair_generic,
          enter_bailey_5, serial_shops, shop, nicolae_ossuary_entry_giza,
          nrook_campfire, uniq_grum
D:9:      layout_rooms
D:10:     layout_stronghold, mainiacjoe_overflow_big_doors, serial_bayou,
          serial_bayou_ford_a, serial_bayou_shore_b, serial_bayou_lagoon_b,
          serial_bayou_lagoon_a, hangedman_fish_farm, uniq_fannar
D:11:     layout_long_grid, library_closet
D:12:     layout_big_octagon, hiddenorc2_lemuel
D:13:     layout_rooms, nicolae_transmutations_shop, nicolae_titane
D:14:     layout_basic, lightli_vaults_fourway_checkpoint,
          nicolae_ru_sacrificial_ziggurat
D:15:     gammafunk_depths_entry_grave, layout_basic, moated_statue
Temple:   nicolae_temple_bog_church
Lair:1:   layout_misc_corridors, st_stairs_4, minivault_19, minivault_25,
          grunt_forest_small_clearings, serial_bayou_pond_b, disabler_island
Lair:2:   layout_cellular_growth, nicolae_volcano_entry_lava_flow,
          grunt_megastairs_1
Lair:3:   layout_cave_pods, minmay_shoals_entry_hut,
          hellmonk_spider_entry_life_and_decay, st_stairs_9,
          grunt_forest_large_clearings
Lair:4:   layout_cave_pods, beast_lair_carwin_1
Lair:5:   guppyfry_lair_end_dragon, layout_hall_layers,
          hangedman_lair_tendril_chambers, slime_entry_1, serial_bayou_shore_b,
          uniq_sonja, uniq_josephine
Shoals:1: layout_shoals, uniq_nikola
Orc:1:    layout_caves, minmay_shop_mayhem
Orc:2:    kennysheep_orc_mage_school, layout_diamond_mine, serial_shops,
          nicolae_shop_trees
Elf:1:    nicolae_elf_arrival_dilemma, layout_loops_ring, serial_shops,
          nicolae_lakefront_shop, minmay_elf_annihilation

Skill      XL: |  1  2  3  4  5  6  7  8  9 10 11 12 13 14 |
---------------+-------------------------------------------+-----
Axes           | 3 4 5 6 8 9 |  9.7
Shields        | 4 5 6 7 8 9 |  9.5
Invocations    | 1 2 4 5 |  5.9
Fighting       | 4 6 7 8 9 10 12 | 12.8
Armour         | 4 5 7 8 9 11 12 13 | 13.0
Throwing       | 1 2 3 4 5 |  5.4
Dodging        | 1 2 3 4 |  4.7
Maces & Flails | 1 4 6 7 11 13 | 13.6
Evocations     | 1 |  1.9
Polearms       | 3 6 7 8 |  8.7
Stealth        | 1 2 |  2.1

Action                     |  1- 3 |  4- 6 |  7- 9 | 10-12 | 13-15 || total
---------------------------+-------+-------+-------+-------+-------++-------
  Melee: War axe           |   107 |    54 |       |       |       ||   161
         Hand axe          |       |   102 |   110 |       |       ||   212
         Trident           |       |       |    10 |   460 |    42 ||   512
         Great mace        |       |       |       |       |   486 ||   486
  Throw: Dart              |       |     6 |    17 |    77 |    73 ||   173
         Stone             |       |     1 |     8 |    10 |    36 ||    55
 Invoke: Minor Destruction |       |    26 |    60 |   150 |   182 ||   418
         Lesser Servant of |       |       |     5 |    32 |    38 ||    75
         Major Destruction |       |       |       |    18 |     2 ||    20
  Evoke: Wand              |       |       |     4 |    32 |     2 ||    38
         Lightning rod     |       |       |       |       |     4 ||     4
    Use: Potion            |       |     2 |     1 |     6 |     7 ||    16
         Scroll            |       |     1 |     6 |    18 |    12 ||    37
   Stab: Distracted        |       |       |     1 |     7 |     3 ||    11
 Armour: Scale mail        |    45 |    58 |    38 |   162 |       ||   303
         Skin              |       |       |       |    23 |     9 ||    32
         Plate armour      |       |       |       |    41 |    14 ||    55
         Chain mail        |       |       |       |       |   303 ||   303
  Dodge: Dodged            |    36 |    41 |    37 |   181 |   327 ||   622
  Block: Buckler           |    45 |    62 |    71 |   268 |    22 ||   468
         Reflection        |     2 |     1 |     3 |    20 |     6 ||    32
         Other             |       |       |       |       |   130 ||   130

Table legend: (Time is in decaauts)
 A = Elapsed time spent in this place.
 B = Non-inter-level travel time spent in this place.
 C = Inter-level travel time spent in this place.
 D = Time resting spent in this place.
 E = Time spent auto-exploring this place.
 F = Levels seen in this place.
 G = Mean time per level.
                   A        B        C        D        E       F      G
               +--------+--------+--------+--------+--------+-----+--------+
         Total |  23811 |  20894 |   2917 |   8152 |      0 |  26 |  915.8 |
       Dungeon |  15220 |  13347 |   1873 |   4642 |      0 |  15 | 1014.7 |
        Temple |     45 |      3 |     42 |      0 |      0 |   1 |   45.0 |
          Lair |   5100 |   4625 |    475 |   2160 |      0 |   5 | 1020.0 |
        Shoals |      1 |      1 |      0 |      0 |      0 |   1 |    1.0 |
  Orcish Mines |   2616 |   2089 |    527 |    902 |      0 |   2 | 1308.0 |
   Elven Halls |      4 |      4 |      0 |      0 |      0 |   1 |    4.0 |
       Volcano |    821 |    821 |      0 |    447 |      0 |   1 |  821.0 |
               +--------+--------+--------+--------+--------+-----+--------+

Top non-repeatable levels by time:
     D:8: 2691 daAuts
    D:10: 1894 daAuts
  Lair:3: 1826 daAuts
    D:12: 1663 daAuts
  Lair:1: 1468 daAuts
   Orc:2: 1466 daAuts
     D:3: 1317 daAuts
    D:11: 1154 daAuts
   Orc:1: 1149 daAuts
    D:13: 1066 daAuts
  Lair:2: 979 daAuts
     D:5: 941 daAuts
     D:4: 916 daAuts
     D:6: 879 daAuts
 Volcano: 821 daAuts
